 Dungeon Crawl Stone Soup version 0.28-a0-794-gafe8c5f9e9 (webtiles) character file.

Game seed: 6244422079717177928

40 cheechan the Chopper (level 3, -3/34 HPs)
             Began as a Naga Monk on Nov 5, 2021.
             Slain by a gnoll (4 damage)
             ... on level 2 of the Dungeon.
             The game lasted 00:03:45 (1553 turns).

cheechan the Chopper (Naga Monk)                    Turns: 1553, Time: 00:03:45

Health: -3/34      AC:  2    Str: 14    XL:     3   Next: 50%
Magic:  3/3        EV: 10    Int: 10    God:
Gold:   89         SH:  0    Dex: 13    Spells: 2/2 levels left

rFire   . . .      SeeInvis +   a - +0 hand axe
rCold   . . .      Faith    .   (no shield)
rNeg    . . .      Spirit   .   b - +0 robe
rPois   +          Reflect  .   (no helmet)
rElec   .          Harm     .   (no cloak)
rCorr   .          Rampage  .   (no gloves)
Will    .....                   (no barding)
Stlth   ++........              (no amulet)
HPRegen 0.11/turn               (no ring)
MPRegen 0.08/turn               (no ring)

@: very slow
A: AC +1, large, see invisible, deformed body, poison resistance, slowness 2,
spit poison 1, naga tail 1
a: Spit Poison


You were on level 2 of the Dungeon.
You visited 1 branch of the dungeon, and saw 2 of its levels.

You collected 89 gold pieces.

Inventory:

Hand Weapons
 a - a +0 hand axe (weapon)
 f - a +0 flail
Missiles
 d - 23 arrows
 h - 18 sling bullets
 i - 19 poisoned darts
Armour
 b - a +0 robe (worn)
Jewellery
 c - a ring of magical power
Potions
 e - a potion of curing {unknown}
 g - a potion of mutation {unknown}


   Skills:
 + Level 3.3 Fighting
 + Level 3.6 Axes
 + Level 2.8 Dodging
 + Level 3.4 Stealth


You had 2 spell levels left.
You didn't know any spells.
Your spell library was empty.

Dungeon Overview and Level Annotations

Branches:
Dungeon (2/15)

Altars:


Innate Abilities, Weirdness & Mutations

Your serpentine skin is tough. (AC +1)
You have supernaturally acute eyesight. (SInv)
Armour fits poorly on your strangely shaped body.
Your system is resistant to poisons. (rPois)
You cover ground very slowly.
You can spit poison.
You have a snake-like lower body.


Message History

You hit the quokka.
The quokka is severely wounded.
The quokka closely misses you. The quokka bites you.
You hit the quokka.
You kill the quokka!
Found an escape hatch in the ceiling.
You see here 19 poisoned darts.
i - 19 poisoned darts
There is a stone staircase leading up here.
Found a metallic yellow potion.
A gnoll comes into view. It is wielding a +0 spear.
The gnoll shouts!
You hear a shout! x2; You hear a bark! x2
A jackal comes into view.
The gnoll barely misses you.
A jackal comes into view.
You hear a bark!
The gnoll hits you from afar with a +0 spear.
The gnoll barely misses you.
You closely miss the jackal. The jackal bites you.
The gnoll hits you from afar with a +0 spear.
A gnoll comes into view. It is wielding a +0 spear. x2
The jackal bites you.
* * * LOW HITPOINT WARNING * * *
The gnoll barely misses you. The jackal bites you.
* * * LOW HITPOINT WARNING * * *
The jackal bites you.
* * * LOW HITPOINT WARNING * * *
The jackal bites you.
* * * LOW HITPOINT WARNING * * *
The jackal bites you.
* * * LOW HITPOINT WARNING * * *
The jackal bites you.
* * * LOW HITPOINT WARNING * * *
The jackal closely misses you. The jackal bites you.
* * * LOW HITPOINT WARNING * * *
There is a stone staircase leading up here.
The jackal closely misses you. The jackal misses you.
The jackal barely misses you.
The gnoll hits you from afar with a +0 spear.
You die...

..! .. # #.# # ..
#.##.##.# . #...g...#
#. ####.#### #.# #.
#.g.#### #.# ## #
#.g.##.# ###.## .##
#hh.#<#.. ..... .#
#####.@..# #.##..# #.
..###.......##
#.#..#####.
...........##
##...##....
#.###.......##
##.#........
#####....###..#..##†#..
##......#..†....>....
#..>.....##.......#.#
##.....######.##.##.#
##...## #.......#


You could see 3 gnolls and 2 jackals.

Vanquished Creatures
  An adder (D:2)
  2 endoplasms (D:1)
  A giant cockroach (D:1)
  4 goblins
  2 hobgoblins (D:1)
  5 quokkas
  3 ball pythons
  6 bats
  2 frilled lizards (D:2)
  A kobold (D:1)
  2 rats (D:1)
29 creatures vanquished.

Notes
Turn   | Place    | Note
-------+----------+-------------------------------------------
     0 | D:1      | cheechan the Naga Monk began the quest for the Orb.
     0 | D:1      | Reached XP level 1. HP: 21/21 MP: 1/1
   110 | D:1      | Reached XP level 2. HP: 8/28 MP: 2/2
   733 | D:1      | Found a faded altar of an unknown god.
  1318 | D:1      | Reached XP level 3. HP: 21/34 MP: 3/3
  1552 | D:2      | HP: 1/34 [jackal (1)]
  1553 | D:2      | Slain by a gnoll

Illustrated notes

Levels and vault maps discovered:
D:1:      dpeg_arrival_shrine, layout_basic,
          hellmonk_ecumenical_altar_heavens_door
D:2:      layout_loops_cross, uniq_sigmund

Action                   || total
-------------------------++-------
Melee: Hand axe          ||   110
 Abil: Spit Poison       ||     8
  Use: Scroll            ||     3
 Stab: Sleeping          ||     4
Armor: Robe              ||    28
Dodge: Dodged            ||    96

Table legend: (Time is in decaauts)
 A = Elapsed time spent in this place.
 B = Non-inter-level travel time spent in this place.
 C = Inter-level travel time spent in this place.
 D = Time resting spent in this place.
 E = Time spent auto-exploring this place.
 F = Levels seen in this place.
 G = Mean time per level.
                   A        B        C        D        E       F      G
               +--------+--------+--------+--------+--------+-----+--------+
         Total |   1958 |   1958 |      0 |    443 |      0 |   2 |  979.0 |
       Dungeon |   1958 |   1958 |      0 |    443 |      0 |   2 |  979.0 |
               +--------+--------+--------+--------+--------+-----+--------+

Top non-repeatable levels by time:
     D:1: 1723 daAuts
     D:2: 235 daAuts
